 Dungeon Crawl Stone Soup version 0.31-a0-1074-g0b22e4e0f1 (webtiles) character file.

Game seed: 5022187381996042895

1606940 porpoise the Wrestler (level 26, 196/196 HPs)
             Began as a Demonspawn Gladiator on Nov 25, 2023.
             Was a Follower of Uskayaw.
             Escaped with the Orb
             ... and 3 runes on Nov 29, 2023!
             The game lasted 06:14:41 (76796 turns).

porpoise the Wrestler (Demonspawn Gladiator)       Turns: 76796, Time: 06:14:41

Health: 196/196    AC: 31    Str: 25    XL:     26   Next: 85%
Magic:  38/38      EV: 22    Int:  9    God:    Uskayaw [*.....]
Gold:   4689       SH: 20    Dex: 16    Spells: 25/25 levels left

rFire   + +          .
                       - Unarmed
rCold   + . .        U - +2 kite shield {AC+3}
rNeg    + . .        h - +7 fire dragon scales
rPois   +            Y - +2 hat {SInv}
rElec   +            z - scarf {rC+ rF+}
rCorr   +            (gloves unavailable)
SInv    +            y - +1 pair of boots
Will    +++++        V - amulet "Ozxeivef" {Drain +Inv Will+++ Regen+ Dex-2}
Stlth   +            w - ring "Ledey" {+Blink rPois Str+3 Slay+4}
HPRegen 1.32/turn    p - ring "Olowi" {rElec rC+ rN+ rCorr EV+5 Stlth-}
MPRegen 0.26/turn

%: no passive effects
@: studying Polearms
A: claws 3, thin skeletal structure 3, hurl damnation, icemail 2, powered by
death 3, torment resistance 1, condensation shield, demonic willpower, antennae
1, talons 1, clumsy 2, deformed body, dopey 1, frail 1, strong-willed 1, poison
resistance, screaming 1, weak 1, heat vulnerability 1, inability to read after
injury 1
0: Orb of Zot
}: 3/15 runes: serpentine, barnacled, slimy
a: Hurl Damnation, Renounce Religion, Evoke Blink, Evoke Invisibility, Stomp


You escaped.
You worshipped Uskayaw.
Uskayaw was greatly pleased with you.
You visited 12 branches of the dungeon, and saw 55 of its levels.
You visited 1 bazaar.
You also visited: Trove, Volcano and Wizlab.

You collected 11112 gold pieces.
You spent 6423 gold pieces at shops.

Inventory:

Missiles
 b - 3 datura-tipped darts
 c - 6 darts of dispersal
 d - 29 throwing nets
 m - 10 silver javelins
 T - 36 javelins (quivered)
Armour
 h - +7 fire dragon scales (worn)
 y - a +1 pair of boots (worn)
 z - a scarf of resistance (worn)
 U - a +2 kite shield of protection (worn)
 Y - a +2 hat of see invisible (worn)
Jewellery
 p - the ring "Olowi" (right claw) {rElec rC+ rN+ rCorr EV+5 Stlth-}
   (You found it on level 2 of the Dungeon)

   [ring of evasion]

   EV+5:      It affects your evasion (+5).
   rC+:       It protects you from cold.
   rElec:     It insulates you from electricity.
   rN+:       It protects you from negative energy.
   rCorr:     It protects you from acid and corrosion.
   Stlth-:    It makes you less stealthy.
 w - a ring "Ledey" (left claw) {+Blink rPois Str+3 Slay+4}
   (You bought it in a shop in a bazaar)

   [ring of slaying]

   Str+3:     It affects your strength (+3).
   Slay+4:    It affects your accuracy & damage with ranged weapons and melee
   (+4).
   rPois:     It protects you from poison +Blink: It lets you blink.
 V - the amulet "Ozxeivef" (around neck) {Drain +Inv Will+++ Regen+ Dex-2}
   (You bought it in a shop on level 4 of the Snake Pit)

   [amulet of regeneration]

   Dex-2:     It affects your dexterity (-2).
   Will+++:   It greatly increases your willpower.
   +Inv:      It lets you turn invisible.
   Regen+:    It increases your rate of health regeneration.
   Drain:     It drains your maximum health when unequipped.
Wands
 a - a wand of roots (36)
 o - a wand of paralysis (55)
 q - a wand of mindburst (69)
 t - a wand of quicksilver (9)
 E - a wand of flame (105)
 F - a wand of digging (18)
 R - a wand of polymorph (64)
Scrolls
 j - 8 scrolls of torment
 k - 8 scrolls of fog
 l - 6 scrolls of teleportation
 v - 2 scrolls of poison
 x - 2 scrolls of butterflies
 A - 2 scrolls of enchant weapon
 C - 4 scrolls of noise
 D - 4 scrolls of revelation
 H - 8 scrolls of immolation
 J - a scroll of brand weapon
 O - a scroll of vulnerability
 W - 3 scrolls of silence
Potions
 e - 7 potions of ambrosia
 g - 31 potions of curing
 i - 4 potions of attraction
 r - 10 potions of enlightenment
 s - 3 potions of invisibility
 B - 9 potions of might
 G - 7 potions of cancellation
 I - 5 potions of haste
 K - 4 potions of heal wounds
 L - 4 potions of mutation
 M - 5 potions of resistance
 N - a potion of berserk rage
 P - 14 potions of lignification
Miscellaneous
 f - a lightning rod (3/4)
 n - a tin of tremorstones (2/2)
 u - a phantom mirror


   Skills:
 - Level 20.0 Fighting
 - Level 3.7 Long Blades
 - Level 10.0 Ranged Weapons
 + Level 12.0 Throwing
 - Level 14.0 Armour
 - Level 14.0 Dodging
 - Level 17.0 Shields
 - Level 24.0 Unarmed Combat
 - Level 23.0 Invocations
 - Level 14.0 Evocations


You had 25 spell levels left.
You didn't know any spells.
Your spell library contained the following spells:

 Spells                   Type           Power      Damage    Failure   Level
 Apportation              Tloc           0%         N/A       75%         1
 Foxfire                  Conj/Fire      0%         2x1d4     75%         1
 Freeze                   Ice            0%         1d3       75%         1
 Necrotise                Necr           0%         1d4       75%         1
 Shock                    Conj/Air       0%         1d3       75%         1
 Summon Small Mammal      Summ           0%         N/A       75%         1
 Blink                    Tloc           0%         N/A       87%         2
 Call Imp                 Summ           0%         N/A       87%         2
 Cigotuvi's Dreadful Rot  Necr/Pois/Air  0%         N/A       87%         2
 Jinxbite                 Hex            0%         N/A       87%         2
 Lesser Beckoning         Tloc           0%         N/A       87%         2
 Passwall                 Tmut/Erth      0%         N/A       87%         2
 Poisonous Vapours        Pois/Air       0%         N/A       87%         2
 Scorch                   Fire           0%         2d5       87%         2
 Searing Ray              Conj           0%         2d4       87%         2
 Static Discharge         Conj/Air       0%         3-3/arc   87%         2
 Sublimation of Blood     Necr           0%         N/A       87%         2
 Call Canine Familiar     Summ           0%         N/A       98%         3
 Frozen Ramparts          Ice            0%         1d1       98%         3
 Gell's Gravitas          Tloc           0%         N/A       98%         3
 Hailstorm                Conj/Ice       0%         3d3       98%         3
 Mephitic Cloud           Conj/Pois/Air  0%         N/A       98%         3
 Ozocubu's Armour         Ice            0%         N/A       98%         3
 Sigil of Binding         Hex            0%         N/A       98%         3
 Stone Arrow              Conj/Erth      0%         3d7       98%         3
 Summon Guardian Golem    Hex/Summ       0%         N/A       98%         3
 Swiftness                Air            0%         N/A       98%         3
 Teleport Other           Tloc           0%         N/A       98%         3
 Tukima's Dance           Hex            0%         N/A       98%         3
 Vampiric Draining        Necr           0%         2d6       98%         3
 Airstrike                Air            0%         2d(0-16)  100%        4
 Anguish                  Hex/Necr       0%         N/A       100%        4
 Animate Armour           Summ/Erth      0%         N/A       100%        4
 Animate Dead             Necr           0%         N/A       100%        4
 Brom's Barrelling Bould  Conj/Erth      0%         2d3       100%        4
 Cause Fear               Hex            0%         N/A       100%        4
 Dimensional Bullseye     Hex/Tloc       0%         N/A       100%        4
 Flame Wave               Conj/Fire      0%         2d4       100%        4
 Fulminant Prism          Conj/Hex       0%         3d5       100%        4
 Leda's Liquefaction      Hex/Erth       0%         N/A       100%        4
 Manifold Assault         Tloc           0%         N/A       100%        4
 Passage of Golubria      Tloc           0%         N/A       100%        4
 Petrify                  Tmut/Erth      0%         N/A       100%        4
 Summon Ice Beast         Ice/Summ       0%         N/A       100%        4
 Vhi's Electric Charge    Tloc/Air       0%         N/A       100%        4
 Alistair's Intoxication  Tmut/Pois      0%         N/A       100%        5
 Arcjolt                  Conj/Air       0%         1d10      100%        5
 Borgnjor's Vile Clutch   Necr/Erth      0%         N/A       100%        5
 Fireball                 Conj/Fire      0%         3d3       100%        5
 Freezing Cloud           Conj/Ice/Air   0%         6-21      100%        5
 Irradiate                Conj/Tmut      0%         3d11      100%        5
 Iskenderun's Battlesphe  Conj           0%         2d6       100%        5
 Metabolic Englaciation   Hex/Ice        0%         N/A       100%        5
 Summon Forest            Summ/Tloc      0%         N/A       100%        5
 Summon Mana Viper        Hex/Summ       0%         N/A       100%        5
 Yara's Violent Unravell  Hex/Tmut       0%         3d3       100%        5
 Bombard                  Conj/Erth      0%         9d1       100%        6
 Eringya's Noxious Bog    Tmut/Pois      0%         4d6       100%        6
 Plasma Beam              Fire/Air       0%         2x1d10    100%        6
 Simulacrum               Ice/Necr       0%         N/A       100%        6
 Enfeeble                 Hex            0%         N/A       100%        7
 Haunt                    Necr/Summ      0%         N/A       100%        7
 Malign Gateway           Summ/Tloc      0%         N/A       100%        7
 Monstrous Menagerie      Summ           0%         N/A       100%        7
 Orb of Destruction       Conj           0%         9d5       100%        7
 Ozocubu's Refrigeration  Ice            0%         4d7       100%        7
 Spellforged Servitor     Conj/Summ      0%         N/A       100%        7
 Summon Hydra             Summ           0%         N/A       100%        7
 Borgnjor's Revivificati  Necr           0%         N/A       100%        8
 Discord                  Hex            0%         N/A       100%        8
 Infestation              Necr           0%         N/A       100%        8
 Lehudib's Crystal Spear  Conj/Erth      0%         10d2      100%        8
 Maxwell's Capacitive Co  Air            0%         ∞         100%        8
 Summon Horrible Things   Summ           0%         N/A       100%        8
 Chain Lightning          Conj/Air       0%         N/A       100%        9
 Dragon's Call            Summ           0%         N/A       100%        9
 Fire Storm               Conj/Fire      0%         5d1       100%        9
 Shatter                  Erth           0%         3d5*      100%        9


Dungeon Overview and Level Annotations

Branches:
Dungeon (15/15)            Temple (0/1) D:6            Lair (5/5) D:8
 Shoals (4/4) Lair:2        Snake (4/4) Lair:3        Slime (5/5) Lair:5
    Orc (2/2) D:12            Elf (3/3) Orc:2        Vaults (4/5) D:14
  Crypt (3/3) Vaults:3       Tomb (0/3) Crypt:3      Depths (4/4) D:15
   Hell (visited)             Zot (5/5) Depths:4    Volcano (visited)
 WizLab (visited)
    Dis: Hell:1         Geh: Hell:1         Coc: Hell:1         Tar: Hell:1

Altars:
Ashenzari
Cheibriados
Dithmenos
Gozag
Kikubaaqudgha
Makhleb
Nemelex Xobeh
Okawaru
Qazlal
Ru
Sif Muna
Uskayaw
Wu Jian
Xom
Yredelemnul
Jiyva

Shops:
D:3 :   D:8 [   D:10 (   Orc:1 *   Orc:2 =[*(?!=   Elf:1 *(=[[   Snake:1 **
Snake:4 (=::   Vaults:4 (!=*

Portals:
Hell: Depths:1 Depths:2 Depths:3 Depths:4
Abyss: Depths:2 Depths:3
Pandemonium: Depths:2
Ziggurat: Depths:1

Annotations:
Snake:1 3 runed translucent doors, exclusion: obsidian statue, Saont's ghost, adept TeAE
Vaults:4 exclusion: 3 downstairs
Hell Geryon


Innate Abilities, Weirdness & Mutations

You have claws for hands.
You have an unnaturally thin skeletal structure. (Dex +6, Stealth+++)
You can hurl damnation.
A meltable icy envelope protects you from harm. (AC +8)
You regenerate a lot of health from kills.
You are resistant to unholy torment.
A meltable shield of frost defends you. (SH +4)
You punish those that try to bend your will. (Will+)
You have a pair of small antennae on your head.
You have sharp toenails.
You are very clumsy. (Dex -4)
Armour fits poorly on your strangely shaped body.
You are dopey. (Int -2)
You are frail. (-10% HP)
You are strong-willed. (Will+)
Your system is resistant to poisons. (rPois)
You occasionally shout uncontrollably at your foes.
You are weak. (Str -2)
You are vulnerable to heat. (rF-)
You occasionally lose the ability to read scrolls when taking damage.


Message History

The damnation engulfs the Hell Sentinel.
The Hell Sentinel completely resists.
There is a stone staircase leading up here.
You mangle the Hell Sentinel!!
The Hell Sentinel is lightly wounded.
You eviscerate the Hell Sentinel!!!
The Hell Sentinel is heavily wounded.
You block the Hell Sentinel's attack. x2
You mangle the Hell Sentinel!!
The Hell Sentinel is severely wounded.
You can now pass through a line of other dancers.
You mangle the Hell Sentinel!!
The Hell Sentinel is almost dead.
You block the Hell Sentinel's attack.
The Hell Sentinel hits you but does no damage.
You mangle the Hell Sentinel!!
You kill the Hell Sentinel!
Your Throwing skill increases to level 12!
You climb upwards.
There is a stone staircase leading down, spattered with blood here.
You can no longer pass through a line of other dancers.
There is a stone staircase leading up here.
You climb upwards.
There is a stone staircase leading down here.
Aiming: Dig
Press: ? - help, Shift-Dir - straight line A rock wall.
This square is covered in magical glow.
The rock shatters into small pieces.
There is a stone staircase leading up here.
You climb upwards.
There is a stone staircase leading down here.
You see here 5 stones.
Aiming: Dig
Press: ? - help, Shift-Dir - straight line A rock wall.
This square is covered in magical glow.
The rock shatters into small pieces.
There is a staircase leading out of the dungeon here.
You have escaped!

......# #....# #......#
......# #....# #......#
......# ##...# #......#
....##### #...## #......#
....#...###....# #.)..(.#
###
........'......###......#
#####..
#.......######..........#
#...... )..##...#
########'######.###..
...##...#
#...@...(..........>.
...##...#
###...#########.#....
...##...# #...# #.#.)..
...###### #...# #......
...# #.#.# ####.#. ...#
#.#.#########...... ...#
#...#......##.##### ...#
##### #...#............##
...# #...#
#...#..........#.##


There were no monsters in sight!

Vanquished Creatures
  the Royal Jelly (Slime:5)
  7 dread liches
  6 orbs of fire
  2 ancient liches
  Mara (Vaults:4)
  Mennas (Vaults:2)
  Sojobo (Depths:2)
  Bai Suzhen (Shoals:4)
  Frederick (Vaults:4)
  4 Killer Klowns (Zot:5)
  Xtahua (Vaults:2)
  Saint Roka (Vaults:3)
  A caustic shrike (Depths:1)
  Vashnia (Snake:4)
  2 curse toes
  Jory (Depths:4)
  11 golden dragons
  Nikola (Shoals:2)
  Norris (Elf:2)
  A Brimstone Fiend (D:15)
  3 electric golems
  12 tentacled monstrosities
  2 Hell Sentinels
  25 Orb Guardians (Zot:5)
  A shard shrike skeleton (Crypt:3)
  Jorgrun (Snake:2)
  3 deep elf blademasters
  Mlioglotl (Shoals:1)
  17 acid blobs
  9 liches
  3 sphinxes
  11 quicksilver dragons
  Asterion (Elf:1)
  6 deep elf master archers
  An Executioner (Depths:1)
  Polyphemus (Shoals:4)
  3 death cobs
  4 ancient champions
  Gastronok (Lair:2)
  4 shadow dragons
  3 thorn hunters (WizLab)
  Frances (D:13)
  Donald (Shoals:1)
  8 storm dragons
  5 tengu reavers
  3 fenstrider witches (WizLab)
  11 rockslimes
  8 draconian monks
  5 revenants
  5 nagarajas
  Ilsuiw (Shoals:3)
  10 fire giants
  10 azure jellies
  6 draconian knights
  9 deep elf sorcerers
  10 vault wardens
  An iron dragon (Depths:4)
  4 frost giants
  4 curse skulls
  9 draconian scorchers
  Louise (Shoals:1)
  4 ghouls (Crypt:1)
  2 ghost moths
  3 deep elf elementalists (Elf:3)
  2 caustic shrike zombies
  2 cacodemons (Crypt:1)
  2 war gargoyles
  An angel (Shoals:4)
  4 draconian shifters
  3 formless jellyfish
  5 orc warlords
  7 quicksilver oozes
  4 reapers (Crypt:3)
  5 draconian stormcallers
  8 very ugly things
  A caustic shrike skeleton (Crypt:3)
  A juggernaut skeleton (Crypt:3)
  7 ironbound thunderhulks
  10 draconian annihilators
  15 ironbound preservers
  12 stone giants
  8 vampire knights
  11 black draconians
  19 green draconians
  An apis (Shoals:4)
  6 spark wasps
  3 deep elf demonologists
  16 red draconians
  13 white draconians
  6 deep elf annihilators
  14 dire elephants
  8 purple draconians
  9 yellow draconians
  10 eidola
  A quicksilver dragon zombie (Crypt:3)
  7 deep elf death magi
  5 ettins
  2 crystal guardians (Vaults:3)
  13 merfolk impalers
  A green death (Depths:1)
  9 fire dragons
  3 entropy weavers
  A mummy priest (Crypt:3)
  Josephine (D:14)
  3 jiangshi (Crypt:1)
  9 merfolk javelineers
  3 deep elf high priests
  2 shambling mangroves (WizLab)
  3 yaktaur captains
  8 great orbs of eyes
  A hell beast (Zot:1)
  A quicksilver dragon skeleton (Crypt:3)
  11 vault guards
  3 peacekeepers
  2 spriggan zombies
  3 salamander tyrants
  10 ice dragons
  Harold (D:9)
  The ghost of Dute the Blocker, a journeyman FoFi of Cheibriados (D:13)
  4 rakshasas
  2 sphinx zombies
  3 hydras
  5 ironbound frosthearts
  4 spriggan air magi
  Erolcha (Orc:2)
  2 boulder beetles
  14 anacondas
  A catoblepas (Shoals:4)
  5 two-headed ogres
  21 centaur warriors
  2 merfolk avatars
  6 merfolk aquamancers
  19 death yaks
  4 death knights
  36 dancing weapons
  2 deep troll earth magi
  13 naga warriors
  2 sphinx skeletons
  5 occultists
  15 tengu warriors
  4 deep troll shamans
  3 vampire magi
  5 satyrs (WizLab)
  A hell hog (Depths:3)
  6 hell knights
  5 spriggan berserkers
  2 shock serpents
  11 naga sharpshooters
  An orc high priest (Orc:2)
  A spriggan (Depths:4)
  9 soul eaters
  2 titan zombies
  4 sun demons
  7 skysharks
  25 deep elf knights
  11 skeletal warriors
  A spark wasp zombie (Crypt:2)
  4 iron trolls
  2 bunyip zombies (Crypt:3)
  A storm dragon skeleton (Crypt:1)
  10 naga ritualists
  4 death drakes (Depths:4)
  44 deep trolls
  5 sea snakes
  4 flayed ghosts
  3 salamander mystics
  3 cherubim (Shoals:4)
  A tengu zombie (Vaults:2)
  7 arcanists
  5 glowing orange brains
  An anaconda zombie (Crypt:3)
  17 deep elf archers
  A golden dragon skeleton (Depths:3)
  9 ironbound convokers
  13 phantasmal warriors
  16 orc knights
  A bunyip skeleton (Crypt:3)
  11 lindwurms
  23 necromancers
  Pikel (D:5)
  34 deep elf pyromancers
  12 harpies
  11 mana vipers
  A fire giant zombie (Depths:3)
  A mana viper (shapeshifter) (Depths:3)
  30 deep elf zephyrmancers
  6 oklob plants
  5 wolf spiders
  7 orc sorcerers
  2 frost giant zombies
  5 shining eyes
  11 salamanders
  2 tengu skeletons (Depths:3)
  An iron dragon skeleton (Crypt:2)
  15 cyclopes
  22 moths of wrath
  33 ugly things
  13 manticores
  Maurice (D:7)
  20 elephants
  8 fauns
  13 vault sentinels
  2 centaur zombies
  2 alligator skeletons
  60 black mambas
  Joseph (D:9)
  A fire giant skeleton (Depths:3)
  2 human skeletons
  13 naga magi
  A black mamba (shapeshifter) (D:15)
  10 merfolk sirens
  A water nymph (Shoals:2)
  3 eyes of devastation
  Maggie (D:8)
  2 torpor snails
  3 guardian serpents
  An unseen horror (shapeshifter) (D:14)
  A rime drake (shapeshifter) (Elf:1)
  15 cane toads
  Jeremiah (D:9)
  A hellion (Depths:3)
  2 centaur skeletons (Crypt:3)
  5 gargoyles
  A kobold demonologist (D:10)
  An unseen horror (D:12)
  2 rime drakes (Lair:5)
  21 yaktaurs
  A minotaur zombie (Crypt:3)
  9 komodo dragons
  8 freezing wraiths
  A red devil (Zot:5)
  A hydra zombie (Crypt:3)
  4 tengu conjurers
  5 polar bears
  2 yaktaur skeletons (Vaults:3)
  6 harpy zombies (Crypt:3)
  11 trolls
  2 harpy skeletons
  13 hellwings (Crypt:3)
  39 merfolk
  6 glass eyes
  4 wind drakes
  An ettin zombie (Vaults:4)
  7 hornets
  8 blink frogs
  A tarantella zombie (Crypt:2)
  11 saltlings (Orc:2)
  30 dream sheep
  87 slime creatures
  6 snapping turtles
  4 air elementals
  6 flying skulls
  55 yaks
  4 jumping spiders
  2 shadows (D:10)
  2 ettin skeletons (Crypt:3)
  Grum (D:8)
  A dire elephant simulacrum (Crypt:2)
  21 wraiths
  13 water elementals
  4 hogs (Snake:4)
  An ushabti (Crypt:3)
  12 wyverns
  5 basilisks
  4 golden eyes (Slime:2)
  3 fire bats (Depths:3)
  4 vampire mosquitoes (D:13)
  A steam dragon (Lair:4)
  4 redbacks
  5 fire elementals
  2 naga zombies
  24 nagas
  6 wargs
  2 glowing shapeshifter zombies
  An ogre zombie (Vaults:3)
  3 acid dragons
  23 water moccasins
  17 orc warriors
  An ice beast (D:6)
  A sky beast (D:7)
  A hornet zombie (Crypt:2)
  2 black bears
  10 centaurs
  7 ogres
  A boggart (Vaults:4)
  17 wolves
  An elephant skeleton (Crypt:2)
  2 phantoms
  A swamp dragon skeleton (Crypt:1)
  A hog skeleton (Crypt:2)
  An elf zombie (Crypt:1)
  A kobold brigand (D:7)
  A necrophage (Crypt:1)
  10 bullfrogs
  5 gnoll sergeants (D:8)
  5 scorpions
  A glowing shapeshifter simulacrum (Vaults:2)
  5 earth elementals
  6 wyvern skeletons (Crypt:3)
  3 wights (D:8)
  A polar bear zombie (Crypt:2)
  9 killer bees (D:9)
  6 spriggan skeletons
  8 electric eels
  10 orc priests
  3 gnoll boudas
  19 hounds
  A jelly (D:8)
  4 iguanas
  A sleepcap (D:6)
  Ijyb (D:4)
  A basilisk skeleton (Crypt:1)
  18 orc wizards
  2 naga skeletons
  2 mummies (Crypt:3)
  35 gnolls
  5 adders
  3 shadow imps
  3 white imps
  A worm (shapeshifter) (D:13)
  A worm (D:3)
  A dart slug (D:4)
  81 orcs
  8 ball pythons
  9 bats
  6 endoplasms
  11 goblins
  10 hobgoblins
  7 jackals
  13 kobolds
  3 quokkas
  5 frilled lizards
  A hobgoblin zombie (Crypt:1)
  An orc zombie (Crypt:2)
  5 rats
2323 creatures vanquished.

Vanquished Creatures (others)
  Kirke (Snake:4)
  A draconian stormcaller (Depths:4)
  A cacodemon (Crypt:1)
  A black mamba (Snake:4)
  A naga (Snake:4)
  2 orcs (D:8)
  15 tentacles (Shoals:1)
22 creatures vanquished.

Grand Total: 2345 creatures vanquished

Notes
Turn   | Place    | Note
-------+----------+-------------------------------------------
     0 | D:1      | porpoise the Demonspawn Gladiator began the quest for the
                  | Orb.
     0 | D:1      | Reached XP level 1. HP: 16/16 MP: 1/1
   133 | D:1      | Gained mutation: A meltable shield of frost defends you.
                  | (SH +4) [demonic ancestry]
   133 | D:1      | Reached XP level 2. HP: 22/22 MP: 2/2
   765 | D:2      | Gained mutation: You have sharp fingernails. [demonic
                  | ancestry]
   765 | D:2      | Reached XP level 3. HP: 27/28 MP: 3/3
  1299 | D:2      | Found a faded altar of an unknown god.
  1579 | D:2      | Reached skill level 1 in Unarmed Combat
  1627 | D:2      | Identified the ring "Olowi" {rElec rC+ rN+ rCorr EV+5
                  | Stlth-}
  2054 | D:3      | Gained mutation: You have very sharp fingernails. [demonic
                  | ancestry]
  2054 | D:3      | Reached XP level 4. HP: 34/34 MP: 4/4
  2086 | D:3      | Found Qitwawyr's Book Emporium.
  2718 | D:3      | Found a basalt altar of Yredelemnul.
  2718 | D:3      | Found a snail-covered altar of Cheibriados.
  3290 | D:4      | Reached skill level 2 in Unarmed Combat
  3462 | D:4      | Noticed Ijyb
  3463 | D:4      | Gained mutation: You have claws for hands. [demonic
                  | ancestry]
  3463 | D:4      | Reached XP level 5. HP: 40/41 MP: 5/5
  3479 | D:4      | Killed Ijyb
  3627 | D:4      | Reached skill level 3 in Unarmed Combat
  3751 | D:4      | Reached XP level 6. HP: 32/48 MP: 6/6
  4123 | D:5      | Entered Level 5 of the Dungeon
  4266 | D:5      | Reached skill level 4 in Unarmed Combat
  4437 | D:5      | Reached XP level 7. HP: 54/55 MP: 7/7
  4631 | D:5      | Reached skill level 5 in Unarmed Combat
  4696 | D:5      | Reached skill level 5 in Fighting
  4743 | D:5      | Found a hide-covered altar of Uskayaw.
  4747 | D:5      | Became a worshipper of Uskayaw the Reveller
  4933 | D:5      | Reached * piety under Uskayaw
  4976 | D:5      | Reached skill level 1 in Invocations
  4978 | D:5      | Reached ** piety under Uskayaw
  4982 | D:5      | Reached *** piety under Uskayaw
  5191 | D:6      | Reached skill level 6 in Unarmed Combat
  5201 | D:6      | Found a broken altar of Ashenzari.
  5201 | D:6      | Noticed Pikel
  5217 | D:5      | Killed Pikel
  5218 | D:5      | Gained mutation: You have a somewhat thin skeletal
                  | structure. (Dex +2, Stealth+) [demonic ancestry]
  5218 | D:5      | Reached XP level 8. HP: 65/65 MP: 8/10
  5439 | D:6      | Found a stormy altar of Qazlal.
  5444 | D:6      | Found a sparkling altar of Nemelex Xobeh.
  5445 | D:6      | Found an opulent altar of Gozag.
  5448 | D:6      | Found a shadowy altar of Dithmenos.
  5449 | D:6      | Found a staircase to the Ecumenical Temple.
  5489 | D:6      | Found a sacrificial altar of Ru.
  5499 | D:6      | Reached skill level 7 in Unarmed Combat
  5525 | D:6      | Reached **** piety under Uskayaw
  6124 | D:6      | Gained mutation: You have a moderately thin skeletal
                  | structure. (Dex +4, Stealth++) [demonic ancestry]
  6124 | D:6      | Reached XP level 9. HP: 72/72 MP: 12/12
  6304 | D:7      | Noticed Maurice
  6352 | D:7      | Maurice stole a +6 ring of intelligence
  6357 | D:7      | Maurice stole 3 throwing nets
  6359 | D:7      | Maurice stole a +0 long sword
  6362 | D:7      | Maurice stole 278 gold
  6363 | D:7      | Killed Maurice
  6364 | D:7      | Reached skill level 5 in Invocations
  6516 | D:7      | Reached skill level 8 in Unarmed Combat
  6649 | D:7      | Found an ancient bone altar of Kikubaaqudgha.
  6951 | D:7      | Found a burning altar of Makhleb.
  7110 | D:8      | Found Paschef's Antique Armour Shop.
  7126 | D:8      | Bought an ichor-stained helmet for 256 gold pieces
  7126 | D:8      | Identified the +1 helmet of the Buccaneer {Str+2} (You
                  | bought it in a shop on level 8 of the Dungeon)
  7202 | D:8      | Reached skill level 5 in Dodging
  7218 | D:8      | Reached ***** piety under Uskayaw
  7444 | D:8      | Reached skill level 1 in Shields
  7579 | D:8      | Noticed a troll
  7587 | D:8      | Killed a troll
  7588 | D:8      | Reached skill level 9 in Unarmed Combat
  7588 | D:8      | Reached XP level 10. HP: 79/79 MP: 15/15
  7781 | D:8      | Found a staircase to the Lair.
  7850 | D:8      | Noticed Maggie
  7862 | D:8      | Killed Maggie
  7967 | D:8      | Found an ornate altar of the Wu Jian Council.
  8277 | D:8      | Identified the +1 ring mail "Ymanum" {Str+2 Int-2 Slay+5
                  | Stlth+}
  8415 | D:8      | Noticed Grum
  8422 | D:8      | Killed Grum
  8770 | D:8      | Reached skill level 10 in Unarmed Combat
  8838 | D:9      | Reached skill level 5 in Shields
  8950 | D:9      | Noticed Harold
  8964 | D:9      | Killed Harold
  8965 | D:9      | Reached skill level 1 in Armour
  9224 | D:9      | Gained mutation: A meltable icy envelope protects you from
                  | harm. (AC +8) [demonic ancestry]
  9224 | D:9      | Reached XP level 11. HP: 84/84 MP: 17/17
  9255 | D:9      | Noticed Jeremiah
  9263 | D:9      | Killed Jeremiah
  9491 | D:9      | Noticed Joseph
  9506 | D:9      | Killed Joseph
  9956 | D:10     | Entered Level 10 of the Dungeon
 10084 | D:10     | Found a shimmering blue altar of Sif Muna.
 10202 | D:10     | Found Zulur's Weapon Emporium.
 10336 | D:10     | Noticed a two-headed ogre
 10345 | D:10     | Killed a two-headed ogre
 10648 | D:10     | Reached skill level 11 in Unarmed Combat
 10909 | Lair:1   | Entered Level 1 of the Lair of Beasts
 11014 | Lair:1   | Reached skill level 10 in Invocations
 11018 | Lair:1   | Reached skill level 5 in Armour
 11023 | Lair:1   | Reached ****** piety under Uskayaw
 11028 | Lair:1   | You fall into a shaft and drop 1 floor!
 11187 | Lair:2   | Found a staircase to the Shoals.
 11220 | Lair:2   | Identified the +4 scale mail "Cyeblopp" {Will+}
 11224 | Lair:2   | Identified the +1 pair of gloves "Inie" {Dex+7}
 11395 | Lair:2   | Noticed Gastronok
 11406 | Lair:2   | Killed Gastronok
 11407 | Lair:2   | Reached skill level 12 in Unarmed Combat
 11481 | Lair:2   | Reached XP level 12. HP: 77/91 MP: 20/20
 11683 | Lair:2   | Found a dark tunnel.
 11693 | Volcano  | Entered a volcano
 11880 | Volcano  | Reached skill level 13 in Unarmed Combat
 12058 | Lair:2   | Identified the +0 quarterstaff of Sudden Death {holy, rN++
                  | Str+3 Int-5}
 13444 | Lair:1   | Gained mutation: You are weak. (Str -2) [potion of
                  | mutation]
 13444 | Lair:1   | Gained mutation: You are dopey. (Int -2) [potion of
                  | mutation]
 13445 | Lair:1   | Lost mutation: You are dopey. (Int -2) [potion of mutation]
 13445 | Lair:1   | Lost mutation: You are weak. (Str -2) [potion of mutation]
 13445 | Lair:1   | Gained mutation: You occasionally lose the ability to drink
                  | potions when taking damage. [potion of mutation]
 13445 | Lair:1   | Gained mutation: Your muscles are strong. (Str +4, Int/Dex
                  | -1) [potion of mutation]
 13445 | Lair:1   | Gained mutation: You have large cloven feet. [potion of
                  | mutation]
 13446 | Lair:1   | Lost mutation: You have large cloven feet. [potion of
                  | mutation]
 13446 | Lair:1   | Lost mutation: Your muscles are strong. (Str +4, Int/Dex
                  | -1) [potion of mutation]
 13446 | Lair:1   | Gained mutation: You are clumsy. (Dex -2) [potion of
                  | mutation]
 13446 | Lair:1   | Gained mutation: Your spells are a little easier to cast,
                  | but a little less powerful. [potion of mutation]
 13446 | Lair:1   | Lost mutation: Your spells are a little easier to cast, but
                  | a little less powerful. [potion of mutation]
 13446 | Lair:1   | Gained mutation: You have an unnaturally thin skeletal
                  | structure. (Dex +6, Stealth+++) [potion of mutation]
 13447 | Lair:1   | Lost mutation: You occasionally lose the ability to drink
                  | potions when taking damage. [potion of mutation]
 13447 | Lair:1   | Lost mutation: You are clumsy. (Dex -2) [potion of
                  | mutation]
 13447 | Lair:1   | Lost mutation: You have an unnaturally thin skeletal
                  | structure. (Dex +6, Stealth+++) [potion of mutation]
 13447 | Lair:1   | Gained mutation: You expend magic power (3 MP) to
                  | strengthen your wands. [potion of mutation]
 13447 | Lair:1   | Gained mutation: You occasionally lose the ability to drink
                  | potions when taking damage. [potion of mutation]
 13447 | Lair:1   | Gained mutation: You are agile. (Dex +4, Str/Int -1)
                  | [potion of mutation]
 13448 | Lair:1   | Lost mutation: You expend magic power (3 MP) to strengthen
                  | your wands. [potion of mutation]
 13448 | Lair:1   | Lost mutation: You occasionally lose the ability to drink
                  | potions when taking damage. [potion of mutation]
 13448 | Lair:1   | Lost mutation: You are agile. (Dex +4, Str/Int -1) [potion
                  | of mutation]
 13448 | Lair:1   | Gained mutation: You are partially covered in large bone
                  | plates. (SH +4) [potion of mutation]
 13602 | Lair:3   | Reached skill level 14 in Unarmed Combat
 13707 | Lair:3   | Found a staircase to the Snake Pit.
 14393 | Lair:4   | Reached skill level 1 in Evocations
 14393 | Lair:4   | Reached XP level 13. HP: 62/96 MP: 23/23
 14517 | Lair:4   | HP: 3/96 [cane toad (34)]
 15503 | Lair:4   | Reached skill level 5 in Evocations
 16015 | Lair:5   | Entered Level 5 of the Lair of Beasts
 16699 | Lair:5   | Gained mutation: You regenerate a little health from kills.
                  | [demonic ancestry]
 16699 | Lair:5   | Reached XP level 14. HP: 108/108 MP: 24/24
 17321 | Lair:5   | Reached skill level 10 in Fighting
 17517 | Lair:5   | Identified the +7 rapier "Rewiur" {antimagic, rF+++ Str-3
                  | Dex+3 Stlth+}
 17611 | Lair:5   | Reached skill level 15 in Unarmed Combat
 17611 | Lair:5   | Reached skill level 15 in Invocations
 17716 | Lair:5   | Identified the +8 plate armour "Iceinor" {Str+2}
 17755 | Lair:5   | Found a runed translucent door.
 17755 | Lair:5   | Found a viscous altar of Jiyva.
 17755 | Lair:5   | Found a staircase to the Slime Pits.
 17755 | Lair:5   | Noticed an azure jelly
 17755 | Lair:5   | Noticed an azure jelly
 17755 | Lair:5   | Noticed an azure jelly
 18934 | D:11     | Paralysed by a hornet for 1 turns
 19236 | D:11     | Found a portal to a secret trove of treasure.
 20346 | D:12     | Found a staircase to the Orcish Mines.
 20352 | D:12     | Gained mutation: You punish those that try to bend your
                  | will. (Will+) [demonic ancestry]
 20352 | D:12     | Reached XP level 15. HP: 119/119 MP: 26/26
 20710 | Orc:1    | Entered Level 1 of the Orcish Mines
 20898 | Orc:2    | Entered Level 2 of the Orcish Mines
 21176 | Orc:2    | Noticed Erolcha
 21193 | Orc:2    | Killed Erolcha
 21236 | Orc:2    | Paralysed by an orc sorcerer for 5 turns
 21361 | Orc:2    | Found Igooclil's Antique Weapon Shoppe.
 21361 | Orc:2    | Found Nyn Peir's Assorted Antiques.
 21371 | Orc:2    | Reached skill level 16 in Unarmed Combat
 21474 | Orc:2    | Found Irreis's Jewellery Shoppe.
 21507 | Orc:2    | Bought a ring of see invisible for 180 gold pieces
 21597 | Orc:2    | Found Sontahaq's Distillery.
 21603 | Orc:2    | Bought a potion of heal wounds for 80 gold pieces
 21671 | Orc:2    | Found Vofunios's Jewellery Shop.
 21677 | Orc:2    | Found a staircase to the Elven Halls.
 21732 | Orc:2    | Found Poojonui's Magic Scroll Shop.
 21735 | Orc:2    | Bought a scroll of identify for 20 gold pieces
 21735 | Orc:2    | Bought a scroll of identify for 20 gold pieces
 21735 | Orc:2    | Bought a scroll of identify for 20 gold pieces
 21757 | Orc:2    | Found Sathi Pero's Antique Armour Shoppe.
 21766 | Orc:2    | Bought a glowing scale mail for 203 gold pieces
 21766 | Orc:2    | Bought a shiny chain mail for 217 gold pieces
 21969 | Orc:1    | Found Lounev's General Store.
 21993 | Orc:1    | Bought a potion of curing for 48 gold pieces
 21993 | Orc:1    | Bought a +0 kite shield for 72 gold pieces
 22659 | D:13     | Noticed Frances
 22671 | D:13     | Killed Frances
 22961 | D:13     | Found a transporter.
 22973 | D:13     | Noticed Dute's ghost (journeyman FoFi)
 23352 | D:13     | Found a transporter.
 23457 | D:13     | Killed Dute's ghost
 23509 | D:13     | Got Sif Muna's Parchment of the Sphinx and Snow
 23693 | D:14     | Noticed Josephine
 23727 | D:14     | Killed Josephine
 23877 | D:14     | Found a shimmering altar of Xom.
 24252 | D:14     | Found a gate to the Vaults.
 24700 | D:15     | Entered Level 15 of the Dungeon
 24878 | D:15     | Found a snail-covered altar of Cheibriados.
 25124 | D:15     | Found a staircase to the Depths.
 25208 | D:15     | Gained mutation: You have an unnaturally thin skeletal
                  | structure. (Dex +6, Stealth+++) [demonic ancestry]
 25208 | D:15     | Reached XP level 16. HP: 124/127 MP: 28/28
 25328 | D:15     | Found the +7 great mace "Undeadhunter" {deathbane, rN+}
 26297 | Snake:1  | Entered Level 1 of the Snake Pit
 26703 | Snake:1  | Found a runed translucent gate.
 26703 | Snake:1  | Found a runed translucent gate.
 26703 | Snake:1  | Found a runed translucent gate.
 26705 | Snake:1  | Found an opulent altar of Gozag.
 26705 | Snake:1  | Found Ron Oceo's Assorted Antiques.
 26707 | Snake:1  | Noticed Saont's ghost (adept TeAE)
 27273 | Snake:1  | Found Selalux's Assorted Antiques.
 28033 | Snake:2  | Noticed Jorgrun
 28047 | Snake:2  | Killed Jorgrun
 29908 | Snake:4  | Entered Level 4 of the Snake Pit
 30162 | Snake:4  | Found Ohotok's Antique Weapon Boutique.
 30380 | Snake:4  | Gained mutation: You are resistant to unholy torment.
                  | [demonic ancestry]
 30380 | Snake:4  | Reached XP level 17. HP: 133/135 MP: 30/30
 30476 | Snake:4  | Noticed Kirke
 30504 | Snake:4  | Killed Kirke
 30876 | Snake:4  | Reached skill level 10 in Shields
 30963 | Snake:4  | Noticed Vashnia
 30992 | Snake:4  | HP: 4/135 [constriction (3)]
 31682 | Snake:4  | Found Hiusm's Book Emporium.
 31683 | Snake:4  | Found Bisof's Jewellery Shop.
 31684 | Snake:4  | Found Etuucrag's Book Emporium.
 31728 | Snake:4  | Bought the amulet "Ozxeivef" {Drain +Inv Will+++ Regen+
                  | Dex-2} for 870 gold pieces
 32299 | Snake:4  | Killed Vashnia
 32413 | Snake:4  | Got a serpentine rune of Zot
 32741 | Shoals:1 | Entered Level 1 of the Shoals
 32799 | Shoals:1 | Noticed Mlioglotl
 32804 | Shoals:1 | Noticed a dread lich
 32805 | Shoals:1 | Noticed an Ice Fiend
 32811 | Shoals:1 | Killed Mlioglotl
 33332 | Shoals:1 | Identified the +5 kite shield "Tufauzes" {rElec Str+4}
 33332 | Shoals:1 | Noticed Donald
 33346 | Shoals:1 | Killed Donald
 33505 | Shoals:1 | Noticed a kraken
 33684 | Shoals:2 | Identified a scroll of acquirement
 34153 | Shoals:2 | Identified the +8 tower shield of Qacia {rN+}
 34384 | Shoals:2 | Noticed Nikola
 34403 | Shoals:2 | Killed Nikola
 34680 | Shoals:1 | Noticed Louise
 34691 | Shoals:1 | Killed Louise
 35120 | Shoals:3 | Noticed Ilsuiw
 35162 | Shoals:3 | Reached XP level 18. HP: 92/146 MP: 31/31
 35566 | Shoals:3 | Identified the +0 animal skin of Kewo {rC- Will+ Int+3
                  | SInv}
 35620 | Shoals:3 | Killed Ilsuiw
 35641 | Shoals:3 | Acquired 857 gold pieces
 36361 | Shoals:4 | Entered Level 4 of the Shoals
 36397 | Shoals:4 | Noticed Polyphemus
 36417 | Shoals:4 | Killed Polyphemus
 36490 | Shoals:4 | Reached skill level 17 in Unarmed Combat
 36698 | Shoals:4 | Identified the ring of the Rose {Will+ rCorr MP+9 Int+3}
 36703 | Shoals:4 | Got a barnacled rune of Zot
 36883 | Shoals:4 | Noticed Bai Suzhen
 36898 | Shoals:4 | Killed Bai Suzhen
 37613 | D:11     | You paid a toll of +3 storm dragon scales to enter a
                  | treasure trove
 37614 | Trove    | Entered a treasure trove
 37621 | Trove    | Identified the +1 buckler "Tyschu" {rN++ Will- Str+3}
 37640 | Trove    | Identified a ring "Imiakots" {Drain Str+7 Int+3 Dex-4
                  | Slay+4}
 37644 | Trove    | Identified a ring of the Clam {rElec Int+3 Slay+4}
 37652 | Trove    | Got the Papyrus of the Anticline and Misery
 37777 | Orc:2    | Bought a potion of attraction for 48 gold pieces
 37777 | Orc:2    | Bought 2 potions of ambrosia for 256 gold pieces
 37828 | Elf:1    | Entered Level 1 of the Elven Halls
 38070 | Elf:1    | Found Yceucaf's Jewellery Boutique.
 38219 | Elf:1    | Found Fituv's Armour Boutique.
 38331 | Elf:1    | Reached skill level 18 in Unarmed Combat
 38345 | Elf:1    | Gained mutation: You can hurl damnation. [demonic ancestry]
 38345 | Elf:1    | Reached XP level 19. HP: 79/152 MP: 33/33
 38485 | Elf:1    | Found a runed translucent gate.
 38485 | Elf:1    | Found a runed translucent gate.
 38485 | Elf:1    | Found a runed translucent gate.
 38623 | Elf:1    | Noticed Asterion
 38632 | Elf:1    | Killed Asterion
 38676 | Elf:1    | Found Usamanit's Weapon Shop.
 38691 | Elf:1    | Found Achyg's Armour Boutique.
 38746 | Elf:1    | Found Zunij's Assorted Antiques.
 38753 | Elf:1    | Bought a tubular onyx ring for 175 gold pieces
 38962 | Elf:1    | Identified the +7 hand axe of Glory {heavy, *Rage Str+3
                  | Dex+5}
 40176 | Elf:2    | Paralysed by an air elemental for 1 turns
 40180 | Elf:2    | Paralysed by an air elemental for 1 turns
 40295 | Elf:2    | Found a runed translucent gate.
 40300 | Elf:2    | Found a runed translucent gate.
 40300 | Elf:2    | Found a runed translucent gate.
 40304 | Elf:2    | Reached skill level 10 in Dodging
 40754 | Elf:2    | Noticed Norris
 40775 | Elf:2    | Killed Norris
 40975 | Elf:3    | Entered Level 3 of the Elven Halls
 41887 | Elf:3    | Reached skill level 15 in Shields
 41949 | Elf:3    | Gained mutation: You regenerate health from kills. [demonic
                  | ancestry]
 41949 | Elf:3    | Reached XP level 20. HP: 123/159 MP: 35/35
 42225 | Elf:3    | Identified the +6 morningstar "Lethriolo" {heavy, rElec rC+
                  | Will+}
 42225 | Elf:3    | Identified the ring of Tewes {rPois Str+3}
 42504 | Elf:3    | Got Kius Sell's Essays on Elsewhere
 42506 | Elf:3    | Identified the ring "Wuodghatz" {rElec rF- Str+3 Dex+6}
 42509 | Elf:3    | Identified the +5 scale mail "Ygadiq" {Contam rElec rPois
                  | Dex+3}
 42510 | Elf:3    | Identified the staff of Luzaboeq {rN+ rCorr Stlth+ Necro}
 42520 | Elf:3    | Identified the +8 quarterstaff "Vifizemn" {protect, rF+
                  | Will++ rCorr Int-5}
 42523 | Elf:3    | Got the Vellum of Geology and the Mortuary
 42530 | Elf:3    | Identified the +1 lajatang "Nahanuph" {vamp, rF+ Str-5
                  | Int+2}
 42532 | Elf:3    | Identified the amulet of the Equinox {RegenMP Str+4 Dex+4}
 42537 | Elf:3    | Got Opsuhoe's Cyclopedia of Bolts and the Legion
 42541 | Elf:3    | Identified the +0 scale mail of Nusch {-Tele rN+++ Dex+2}
 43212 | Vaults:1 | Entered Level 1 of the Vaults
 44021 | Vaults:1 | Reached skill level 10 in Armour
 44284 | Vaults:1 | Reached skill level 15 in Fighting
 44305 | Vaults:1 | Found a gateway to a bazaar.
 44314 | Bazaar   | Entered a bazaar
 44334 | Bazaar   | Found Hoc Ditomy's Assorted Antiques.
 44357 | Bazaar   | Found Tekhikh's Jewellery Emporium.
 44386 | Bazaar   | Found Tiux Xau's General Store.
 44386 | Bazaar   | Found Jyoheat's Antique Weapon Shoppe.
 44409 | Bazaar   | Found Nuzar's Distillery.
 44492 | Bazaar   | Bought a scroll of acquirement for 1144 gold pieces
 44573 | Bazaar   | Bought a ring "Ledey" {+Blink rPois Str+3 Slay+4} for 1118
                  | gold pieces
 44591 | Bazaar   | Bought a scarf of resistance for 576 gold pieces
 44627 | Bazaar   | Acquired 535 gold pieces
 44629 | Bazaar   | Bought a potion of heal wounds for 50 gold pieces
 44629 | Bazaar   | Bought a potion of might for 40 gold pieces
 44629 | Bazaar   | Bought a potion of berserk rage for 50 gold pieces
 44629 | Bazaar   | Bought a potion of haste for 100 gold pieces
 45068 | Vaults:1 | Reached skill level 1 in Ranged Weapons
 45442 | Vaults:2 | Gained mutation: Your body sometimes deteriorates upon
                  | taking damage. [mutagenic glow]
 45452 | Vaults:2 | Gained mutation: Your mind is acute. (Int +4, Str/Dex -1)
                  | [mutagenic glow]
 45476 | Vaults:2 | Got Anuomn's Compendium of Cooperative Percussion
 45703 | Vaults:2 | Reached XP level 21. HP: 97/169 MP: 27/36
 45855 | Vaults:2 | Noticed Mennas
 45872 | Vaults:2 | Killed Mennas
 46616 | Vaults:2 | Reached skill level 5 in Ranged Weapons
 46642 | Vaults:2 | Noticed Xtahua
 46666 | Vaults:2 | Killed Xtahua
 46837 | Vaults:3 | Found a staircase to the Crypt.
 46940 | Vaults:3 | Noticed Saint Roka
 46961 | Vaults:3 | Killed Saint Roka
 47221 | Vaults:3 | You fall into a shaft and drop 1 floor!
 47224 | Vaults:4 | Found Kiuduod's Weapon Emporium.
 47252 | Vaults:4 | Found Sirph's Distillery.
 47280 | Vaults:4 | Found Jolelabb's Jewellery Emporium.
 47336 | Vaults:4 | Noticed Mara
 47366 | Vaults:4 | Killed Mara
 47771 | Vaults:3 | Reached skill level 10 in Evocations
 48412 | Vaults:4 | Noticed Frederick
 48419 | Vaults:4 | Killed Frederick
 48686 | Vaults:4 | Reached skill level 19 in Unarmed Combat
 48708 | Vaults:4 | Reached XP level 22. HP: 178/178 MP: 37/37
 48728 | Vaults:4 | Found Res Cox's Assorted Antiques.
 49507 | Lair:1   | Upgraded the game from 0.31-a0-1071-gaead2f62b1 to
                  | 0.31-a0-1074-g0b22e4e0f1
 49698 | Depths:1 | Entered Level 1 of the Depths
 49724 | Depths:1 | Found a one-way gateway to a ziggurat.
 49732 | Depths:1 | Noticed a dread lich
 49822 | Depths:1 | Killed a dread lich
 49971 | Depths:1 | Found a gateway to Hell.
 50358 | Depths:1 | Noticed a caustic shrike
 50364 | Depths:1 | Killed a caustic shrike
 51553 | Depths:2 | Identified the +5 ring mail of the Echidna {rC+ rN+++ Str+2
                  | Int-5 Stlth-}
 51604 | Depths:2 | Identified the ring "Daidull" {rC+ Int+2}
 51643 | Depths:2 | Found a one-way gate leading to the halls of Pandemonium.
 51805 | Depths:2 | Identified the ring "Juebuec" {Str+5 Dex+6 Slay-3}
 51902 | Depths:2 | Reached skill level 20 in Unarmed Combat
 51955 | Depths:2 | Identified the ring of Midwinter {Ice +Blink rCorr Stlth-}
 51973 | Depths:2 | Noticed Sojobo
 51992 | Depths:2 | Paralysed by an air elemental for 1 turns
 52002 | Depths:2 | Killed Sojobo
 52104 | Depths:2 | Found a one-way gate to the infinite horrors of the Abyss.
 52109 | Depths:2 | Found a transporter.
 52406 | Depths:2 | Found a transporter.
 52553 | Depths:2 | Found an iron altar of Okawaru.
 53435 | Depths:3 | Found a magical portal.
 53441 | WizLab   | Entered Eringya's Formal Garden
 53661 | WizLab   | Paralysed by a hornet for 1 turns
 53696 | WizLab   | Reached XP level 23. HP: 164/184 MP: 38/38
 54017 | WizLab   | Reached skill level 10 in Ranged Weapons
 54084 | WizLab   | Found a blossoming altar of Fedhas.
 54285 | WizLab   | Reached skill level 21 in Unarmed Combat
 54742 | Depths:3 | Identified the +7 hand axe "Vetyjer" {flame, *Slow rPois
                  | rC+ rN++}
 54772 | Depths:3 | Identified the +10 falchion of Ijineph {drain, rN+ rCorr}
 54926 | Depths:3 | Identified the +9 demon blade of the Jumping Bear {freeze,
                  | rC+ Int+3}
 55090 | Depths:3 | Got the Anthology of the Atmospheric Torch
 55092 | Depths:3 | Got the Papyrus of Heresy
 55215 | Depths:4 | Entered Level 4 of the Depths
 55575 | Depths:4 | HP: 6/184 [quicksilver dragon (14)]
 55580 | Depths:4 | HP: 1/184 [quicksilver dragon/bolt of dispelling energy
                  | (36)]
 55826 | Depths:4 | Acquired the +5 hand cannon of Tenacity {antimagic, rElec
                  | rF- Str+5 Int+3}
 55837 | Depths:4 | Noticed Jory
 55857 | Depths:4 | Killed Jory
 56672 | Depths:4 | Found a gate to the Realm of Zot.
 56744 | Depths:4 | Identified the +1 chain mail of Jajuas {Str+3 Dex+3}
 58253 | Slime:1  | Entered Level 1 of the Pits of Slime
 58552 | Slime:3  | Gained mutation: You are clumsy. (Dex -2) [a shining eye]
 58896 | Slime:5  | Entered Level 5 of the Pits of Slime
 58966 | Slime:5  | Gained mutation: A meltable icy envelope protects you from
                  | harm. (AC +8) [demonic ancestry]
 58966 | Slime:5  | Reached XP level 24. HP: 191/191 MP: 38/38
 59052 | Slime:5  | Noticed the Royal Jelly
 59058 | Slime:5  | Killed the Royal Jelly
 59060 | Slime:5  | HP: 5/193 [cloud of flame (13)]
 59064 | Slime:5  | Gained mutation: You do not regenerate when monsters are
                  | visible. [a shining eye]
 59099 | Slime:3  | HP: 8/193 [slime creature (13)]
 59254 | Slime:1  | Lost mutation: Your mind is acute. (Int +4, Str/Dex -1) [a
                  | shining eye]
 59258 | Slime:1  | Gained mutation: You are occasionally teleported next to
                  | monsters. [a shining eye]
 60339 | Lair:1   | Lost mutation: You are occasionally teleported next to
                  | monsters. [potion of mutation]
 60339 | Lair:1   | Lost mutation: Your body sometimes deteriorates upon taking
                  | damage. [potion of mutation]
 60339 | Lair:1   | Lost mutation: You are partially covered in large bone
                  | plates. (SH +4) [potion of mutation]
 60339 | Lair:1   | Gained mutation: Your flesh is heat resistant. (rF+)
                  | [potion of mutation]
 60339 | Lair:1   | Gained mutation: You expend magic power (3 MP) to
                  | strengthen your wands. [potion of mutation]
 60340 | Lair:1   | Lost mutation: You do not regenerate when monsters are
                  | visible. [potion of mutation]
 60340 | Lair:1   | Lost mutation: You expend magic power (3 MP) to strengthen
                  | your wands. [potion of mutation]
 60340 | Lair:1   | Lost mutation: Your flesh is heat resistant. (rF+) [potion
                  | of mutation]
 60340 | Lair:1   | Gained mutation: You have hidden genetic potential. [potion
                  | of mutation]
 60340 | Lair:1   | Gained mutation: Your spells are a little harder to cast,
                  | but a little more powerful. [potion of mutation]
 60781 | Slime:5  | Got a slimy rune of Zot
 60846 | Slime:5  | Identified the +0 robe of Xom's Displeasure {rPois rN+
                  | Str+4 Dex+3}
 60925 | Slime:5  | Identified the +6 whip "Orb Guardian's Doom" {heavy, rC++}
 61888 | Zot:1    | Entered Level 1 of the Realm of Zot
 61920 | Zot:1    | Identified the +2 ring mail "Amnorgh" {rN++}
 62035 | Zot:1    | Noticed an orb of fire
 62038 | Zot:1    | Gained mutation: You occasionally lose the ability to read
                  | scrolls when taking damage. [an orb of fire]
 62051 | Zot:1    | Gained mutation: You are very clumsy. (Dex -4) [an orb of
                  | fire]
 62054 | Zot:1    | Killed an orb of fire
 63131 | Zot:2    | Identified the +0 scale mail "Picito" {MP+9 Dex+3}
 63287 | Zot:2    | Noticed an orb of fire
 63300 | Zot:2    | Killed an orb of fire
 63603 | Zot:2    | Reached skill level 22 in Unarmed Combat
 64180 | Vaults:4 | Bought a potion of ambrosia for 176 gold pieces
 64180 | Vaults:4 | Bought a potion of haste for 220 gold pieces
 64180 | Vaults:4 | Bought a potion of cancellation for 176 gold pieces
 64180 | Vaults:4 | Bought a potion of berserk rage for 110 gold pieces
 64180 | Vaults:4 | Bought a potion of heal wounds for 110 gold pieces
 64180 | Vaults:4 | Bought a potion of might for 88 gold pieces
 64878 | Crypt:1  | Entered Level 1 of the Crypt
 65350 | Crypt:1  | Found a transporter.
 65587 | Crypt:1  | Lost mutation: You occasionally lose the ability to read
                  | scrolls when taking damage. [potion of mutation]
 65587 | Crypt:1  | Lost mutation: Your spells are a little harder to cast, but
                  | a little more powerful. [potion of mutation]
 65587 | Crypt:1  | Lost mutation: You have hidden genetic potential. [potion
                  | of mutation]
 65587 | Crypt:1  | Gained mutation: You are strong-willed. (Will+) [potion of
                  | mutation]
 65587 | Crypt:1  | Gained mutation: You have a pair of small antennae on your
                  | head. [potion of mutation]
 65587 | Crypt:1  | Gained mutation: Your system is resistant to poisons.
                  | (rPois) [potion of mutation]
 65655 | Crypt:1  | Identified the +0 ring mail of Macaroni {+Blink rElec Str-5
                  | SInv}
 65980 | Crypt:1  | Found a transporter.
 66044 | Crypt:1  | Noticed a dread lich
 66056 | Crypt:1  | Lost mutation: You are very clumsy. (Dex -4) [a cacodemon]
 66070 | Crypt:1  | Reached XP level 25. HP: 158/204 MP: 38/38
 66072 | Crypt:1  | Killed a dread lich
 66189 | Crypt:1  | Identified the ring "Cumen" {rPois Int+3 Dex+6}
 66206 | Crypt:1  | Identified the amulet "Liut" {Reflect Will- MP+9 Slay+4
                  | SH+5 SInv}
 67248 | Crypt:3  | Entered Level 3 of the Crypt
 67509 | Crypt:3  | Found the +8 Vampire's Tooth {megavamp}
 67529 | Crypt:3  | Acquired 507 gold pieces
 68433 | Crypt:3  | Identified the +0 leather armour "Hivvamel" {Harm rElec
                  | rPois Str-3}
 68506 | Crypt:3  | Noticed an ancient lich
 68509 | Crypt:3  | Noticed a dread lich
 68520 | Crypt:3  | Found an ancient bone altar of Kikubaaqudgha.
 68798 | Crypt:3  | HP: 6/204 [ancient lich/crystal spear (76)]
 69039 | Crypt:3  | Reached skill level 23 in Unarmed Combat
 69094 | Crypt:3  | Found a staircase to the Tomb.
 69545 | Crypt:3  | Killed a dread lich
 69562 | Crypt:3  | Killed an ancient lich
 69633 | Crypt:3  | Got the Grimoire of Liminal Cadavers
 69640 | Crypt:3  | Identified the +4 scale mail "Ytaickag" {+Blink Str+3
                  | Dex+2}
 69955 | Crypt:3  | Identified the +2 whip of Day {protect, rPois rC+}
 69988 | Crypt:3  | Reached skill level 5 in Throwing
 70004 | Crypt:3  | Identified the amulet "Nioteub" {Regen+ Str+3 Dex+2}
 70004 | Crypt:3  | Identified the ring "Hukaof" {Drain rC++ rN+ SInv Stlth+}
 73653 | Hell     | Entered the Vestibule of Hell
 73653 | Hell     | Noticed Geryon
 74015 | Zot:5    | Entered Level 5 of the Realm of Zot
 74173 | Zot:5    | Gained mutation: You regenerate a lot of health from kills.
                  | [demonic ancestry]
 74173 | Zot:5    | Reached XP level 26. HP: 182/208 MP: 38/38
 74383 | Zot:5    | Noticed a dread lich
 74404 | Zot:5    | Killed a dread lich
 74413 | Zot:5    | Noticed an orb of fire
 74414 | Zot:5    | Noticed an orb of fire
 74420 | Zot:5    | Gained mutation: You have sharp toenails. [an orb of fire]
 74424 | Zot:5    | Gained mutation: You are vulnerable to heat. (rF-) [an orb
                  | of fire]
 74430 | Zot:5    | Killed an orb of fire
 74917 | Zot:5    | Noticed an ancient lich
 74960 | Zot:5    | Killed an ancient lich
 75267 | Zot:5    | Reached skill level 24 in Unarmed Combat
 75291 | Zot:5    | Noticed an orb of fire
 75295 | Zot:5    | Noticed an orb of fire
 75299 | Zot:5    | Gained mutation: You occasionally shout uncontrollably at
                  | your foes. [an orb of fire]
 75305 | Zot:5    | Noticed an orb of fire
 75509 | Zot:5    | Noticed a dread lich
 75517 | Zot:5    | Killed a dread lich
 75529 | Zot:5    | Noticed a dread lich
 75537 | Zot:5    | Killed a dread lich
 75544 | Zot:5    | Killed an orb of fire
 75545 | Zot:5    | Reached skill level 10 in Throwing
 75563 | Zot:5    | Gained mutation: Armour fits poorly on your strangely
                  | shaped body. [an orb of fire]
 75566 | Zot:5    | Gained mutation: You are dopey. (Int -2) [an orb of fire]
 75571 | Zot:5    | Killed an orb of fire
 75637 | Zot:5    | Gained mutation: You are frail. (-10% HP) [an orb of fire]
 75648 | Zot:5    | Gained mutation: You are very clumsy. (Dex -4) [an orb of
                  | fire]
 75651 | Zot:5    | Gained mutation: You are weak. (Str -2) [an orb of fire]
 75653 | Zot:5    | Killed an orb of fire
 75714 | Zot:5    | Noticed a dread lich
 75725 | Zot:5    | Killed a dread lich
 76158 | Zot:5    | Got the Orb of Zot
 76161 | Zot:5    | Noticed Qesoff the pandemonium lord
 76231 | Zot:4    | Noticed Acsepu the pandemonium lord
 76381 | Depths:4 | Gained mutation: You occasionally lose the ability to read
                  | scrolls when taking damage. [a neqoxec]
 76399 | Depths:3 | Noticed Nutz the pandemonium lord
 76796 | D:$      | Escaped with the Orb!

Illustrated notes

Levels and vault maps discovered:
D:1:      wheals_arrival_shading, layout_basic, minmay_tree_intersection
D:2:      layout_basic, shapermc_ecumenical_altar_acropolis
D:3:      layout_basic, grunt_temple_overflow_open, serial_shops,
          nicolae_shop_window_shopping, minmay_misc_feat_four_crosses,
          patterned_corridor
D:4:      wad_pebble_path, layout_basic, mainiacjoe_overflow_boulevard,
          dk_vineyard_3, hangedman_decor_push, wad_rectangle_vault, uniq_ijyb
D:5:      layout_rooms, mainiacjoe_overflow_24_doors
D:6:      layout_rooms, mainiacjoe_overflow_catwalk,
          mainiacjoe_overflow_concentric_impassable,
          nicolae_overflow_macrodata_refinement, temple_pool_b,
          chequers_hall_statues_wall_a, minmay_misc_feat_ornament, uniq_pikel
D:7:      layout_rooms, lightli_temple_of_fire, kennysheep_mini, minivault_11,
          uniq_maurice
D:8:      layout_cave_pools, mainiacjoe_overflow_chevrons, erik_lair_island,
          serial_gnoll_camp, gnoll_camp_huts_moat, grums_kennel,
          gnoll_camp_mini_house, gnoll_camp_mini_shop, gnoll_camp_medium_01,
          gnoll_camp_mini_house, uniq_maggie, uniq_grum
D:9:      layout_grid_maze, uniq_harold, uniq_joseph, uniq_jeremiah
D:10:     layout_basic, nicolae_overflow_hidden_temple, serial_shops,
          shop_fountains, minmay_fractal_squares_5
D:11:     layout_basic, enter_trove_1
D:12:     layout_cave_pods, david_orc_4
D:13:     layout_small_grid, nzn_ghost_randoct, uniq_frances
D:14:     layout_basic, david_vaults_1, xom_teletrap_fun, uniq_josephine
D:15:     grunt_enter_depths_hoard, layout_loops_ring, minmay_misc_feat_iff,
          cheibriados_altar_1
Lair:1:   layout_loops_ring, nicolae_quartered_pool_little,
          nicolae_lair_grove_arrangements
Lair:2:   layout_regular_city, minmay_shoals_entry_centaurs,
          lightli_volcano_entry_magma_tube, chequers_serial_rivers_large_b,
          chequers_serial_rivers_large_a, uniq_gastronok
Lair:3:   layout_big_grid, minmay_snake_entry_guardpost_small
Lair:4:   layout_misc_corridors, chequers_serial_rivers_small_b
Lair:5:   hangedman_lair_in_review, layout_cave_pods,
          hangedman_lair_tendril_chambers, slime_entry_2, disabler_island
Shoals:1: layout_shoals, uniq_louise, uniq_donald, uniq_mlioglotl
Shoals:2: layout_shoals, nicolae_shoals_mertower, uniq_nikola
Shoals:3: argonaut_golden_fleece, layout_shoals, uniq_ilsuiw
Shoals:4: shoals_end_hellmonk_holy_island, uniq_polyphemus, uniq_bai_suzhen
Snake:1:  layout_basic, ebering_ghost_gozag, nicolae_snake_gridmaze_swirls
Snake:2:  layout_cave_town, uniq_jorgrun
Snake:3:  layout_chambers, basic_altar
Snake:4:  grunt_snake_rune_serpentine_throne, layout_cave_town, serial_shops,
          nicolae_shop_competitors_out_of_business, minmay_shop_grove,
          grunt_megastairs_2, uniq_kirke
Slime:1:  layout_caves, cheibrodos_slime_lost_civilization_6
Slime:2:  layout_caves
Slime:3:  layout_caves
Slime:4:  layout_caves
Slime:5:  slime_pit_nicolae_trefoil
Orc:1:    layout_caves, serial_shops, shop
Orc:2:    hellmonk_orc_salted, layout_caves, serial_shops,
          nicolae_shop_rolled_up, nicolae_shop_tiny_statue_garden,
          nicolae_shop_gaudy_bauble, uniq_erolcha
Elf:1:    nicolae_elf_arrival_fired_up, layout_onion_city, serial_shops,
          nicolae_shop_trees, nicolae_shop_stone, nicolae_shop_tiny_glass, shop,
          shop, minivault_28, hex_tiny, minmay_misc_feat_five,
          nicolae_gammafunk_elf_defective_weapons_storage, uniq_asterion
Elf:2:    elven_hall_of_blades_hangedman_original
          [nicolae_blade_entry_area_security], layout_geoelf_grid,
          nicolae_elf_martial_mastery, uniq_norris
Elf:3:    minmay_elf_hall_statues, layout_loops_corners, serial_aquarium,
          aquarium_bridge_square [aquarium_subvault_window,
          aquarium_subvault_bridge, aquarium_subvault_bridge,
          aquarium_subvault_balcony], aquarium_window_2, aquarium_window_1,
          aquarium_view_2d, aquarium_view_2a, aquarium_balcony_3a,
          aquarium_pool_1, eino_tiny_chamber
Vaults:1: vaults_room_grid, nicolae_vaults_diagonal_hallway_6,
          hangedman_vaults_slice, nicolae_vaults_sealed_display, v_misc_3,
          nicolae_vaults_shipping_containers_2, ontoclasm_vaults_tryst,
          hangedman_vaults_corner, v_rooms_2, v_alt_pattern_3,
          hangedman_vaults_nodes, ontoclasm_vaults_bender, v_alt_pattern_3,
          vaults_dpeg_doors, vaults_room_pool, layout_vaults_maze, serial_shops,
          bzr_entry_islet
Vaults:2: vaults_room_corners, nicolae_vaults_angled_halls, v_misc_2,
          nicolae_vaults_storage_room_doors,
          nicolae_vaults_antechamber_and_loot_room,
          nicolae_vaults_closet_pinwheel_2, nicolae_vaults_apartment_2,
          vaults_dpeg_hooks, v_misc_4, nicolae_vaults_tetromino_Z_2,
          nicolae_vaults_lightning_bolt, v_misc_2, layout_vaults_quadrants,
          uniq_mennas, uniq_xtahua
Vaults:3: minmay_crypt_entry_simple_statues, v_misc_22,
          nicolae_vaults_weapon_check, ontoclasm_vaults_pinch, v_rooms_3,
          grunt_vaults_twisty, ontoclasm_vaults_eye, v_misc_3,
          ontoclasm_vaults_loading_screen, nicolae_vaults_trapezoid_lopsided_3,
          layout_vaults_omnibox, serial_shops, bzr_in_the_mist, uniq_saint_roka
Vaults:4: st_lattice, nicolae_vaults_stairing_the_circle,
          nicolae_vaults_taking_the_gang_shopping, ontoclasm_vaults_ring_small,
          v_misc_14, v_pattern_2, layout_vaults_chaotic_city, serial_shops,
          nicolae_shop_tiny_statue_garden, nicolae_shop_tiny_glass,
          nicolae_shop_gaudy_bauble, uniq_margery, uniq_frederick, uniq_mara
Crypt:1:  gammafunk_dig_for_victory, layout_rooms, grunt_crypt_arrival_webbed
Crypt:2:  layout_regular_city, lemuel_elevator
Crypt:3:  evilmike_haunted_forest
Depths:1: layout_basic, enter_ziggurat_c, hell_entry, grunt_decor_junction,
          hangedman_corner_corridor, grunt_megastairs_3
Depths:2: hangedman_spin_cycle, abyss_entry, pan_entry, hell_entry
Depths:3: cheibrodos_lost_city_excavation, layout_basic,
          infiniplex_enter_wizlab_spiral,
          nicolae_abyss_entry_one_way_or_another, hellmouth_1,
          minmay_staircase_bubble
Depths:4: lemuel_castle_with_subvaults [lemuel_castle_interior_carwin_2],
          layout_basic, pf_hell_entry_great_geh, roderic_serpentine_path,
          uniq_jory
Hell
Zot:1:    kennysheep_room_grid, layout_misc_corridors, st_small_dragon_hoard_2
Zot:2:    layout_gridlike
Zot:3:    lemuel_draconian_sentries_small, layout_misc_corridors,
          bh_zot_levy_curve
Zot:4:    layout_twisted_circle
Zot:5:    layout_cellular_growth

Skill      XL: |  1  2  3  4  5  6  7  8  9 10 11 12 13 14 15 16 17 18 19 20 21 22 23 24 25 26 |
---------------+-------------------------------------------------------------------------------+-----
Long Blades    | 3 |  3.7
Unarmed Combat | 1 2 3 4 6 7 9 10 12 14 15 16 18 19 20 21 22 23 24 | 24.0
Fighting       | 3 4 6 7 9 11 12 14 15 16 18 20 | 20.0
Invocations    | 3 4 6 8 11 14 15 17 18 19 21 22 23 | 23.0
Dodging        | 3 5 7 9 11 12 13 14 | 14.0
Shields        | 2 5 7 9 12 13 15 17 | 17.0
Armour         | 2 5 7 8 9 11 12 13 14 | 14.0
Evocations     | 1 5 6 7 10 12 14 | 14.0
Ranged Weapons | 4 6 9 10 | 10.0
Throwing       | 7 12 | 12.0

Action                     |  1- 3 |  4- 6 |  7- 9 | 10-12 | 13-15 | 16-18 | 19-21 | 22-24 | 25-27 || total
---------------------------+-------+-------+-------+-------+-------+-------+-------+-------+-------++-------
  Melee: Long sword        |   143 |    66 |       |       |       |       |       |       |       ||   209
         Punch             |     5 |     1 |    13 |       |       |       |       |       |       ||    19
         Unarmed           |       |   116 |   286 |   506 |  1024 |  1435 |  1420 |  1665 |  1160 ||  7612
         Trident           |       |       |       |       |    18 |       |       |       |       ||    18
         Demon blade       |       |       |       |       |       |       |       |    11 |       ||    11
   Fire: Sling             |     2 |    27 |     5 |   126 |    56 |    34 |     7 |    59 |       ||   316
         Hand cannon       |       |       |       |       |       |       |       |    67 |       ||    67
  Throw: Boomerang         |       |       |       |    13 |       |       |       |    14 |       ||    27
         Javelin           |       |       |       |       |       |       |       |       |     8 ||     8
         Throwing net      |       |       |       |       |       |       |       |       |     2 ||     2
 Invoke: Line Pass         |       |       |       |       |     5 |     1 |       |     1 |       ||     7
         Stomp             |       |       |       |       |     1 |       |       |       |       ||     1
         Grand Finale      |       |       |       |       |       |     1 |     4 |     2 |     1 ||     8
Ability: Evoke Invisibilit |       |       |       |       |       |     1 |       |       |       ||     1
  Evoke: Wand              |       |       |     5 |     6 |       |       |     1 |     7 |    14 ||    33
         Phantom mirror    |       |       |       |       |       |       |     1 |       |       ||     1
         Tin of tremorston |       |       |       |       |       |       |       |     2 |     1 ||     3
         Lightning rod     |       |       |       |       |       |       |       |       |     1 ||     1
    Use: Scroll            |       |       |     8 |    12 |    12 |     8 |     2 |    22 |    13 ||    77
         Potion            |       |       |       |     7 |     1 |     4 |     4 |    17 |     3 ||    36
   Stab: Paralysed         |       |       |    10 |    54 |   115 |   161 |   185 |   209 |   118 ||   852
         Distracted        |       |       |     1 |       |     3 |       |     6 |     2 |     3 ||    15
         Sleeping          |       |       |       |    13 |    12 |    22 |    20 |    15 |     1 ||    83
         Confused          |       |       |       |       |     4 |     1 |       |     2 |       ||     7
 Armour: Leather armour    |    21 |       |       |       |       |       |       |       |       ||    21
         Scale mail        |    50 |    78 |   149 |    52 |       |   170 |       |       |       ||   499
         Ring mail         |       |       |       |    79 |   309 |   230 |   412 |   334 |       ||  1364
         Fire dragon scale |       |       |       |       |       |       |       |   411 |   457 ||   868
  Dodge: Dodged            |    77 |   107 |   248 |   342 |   599 |   602 |   519 |   729 |   394 ||  3617
         Repelled          |       |       |       |       |       |     8 |       |       |       ||     8
  Block: Other             |    21 |    20 |    41 |       |       |       |       |       |       ||    82
         Buckler           |       |       |    28 |   279 |   598 |    25 |       |       |       ||   930
         Kite shield       |       |       |       |       |       |  1430 |  1151 |  1476 |   707 ||  4764

Table legend: (Time is in decaauts)
 A = Elapsed time spent in this place.
 B = Non-inter-level travel time spent in this place.
 C = Inter-level travel time spent in this place.
 D = Time resting spent in this place.
 E = Time spent auto-exploring this place.
 F = Levels seen in this place.
 G = Mean time per level.
                   A        B        C        D        E       F      G
               +--------+--------+--------+--------+--------+-----+--------+
         Total |  75154 |  64363 |  10791 |  15433 |  29366 |  59 | 1273.8 |
       Dungeon |  20454 |  16151 |   4303 |   3863 |   8301 |  15 | 1363.6 |
          Lair |  10650 |   8243 |   2407 |   2118 |   3010 |   5 | 2130.0 |
        Shoals |   4318 |   3985 |    333 |    663 |   2084 |   4 | 1079.5 |
     Snake Pit |   5969 |   5785 |    184 |   1671 |   2857 |   4 | 1492.2 |
    Slime Pits |   2351 |   2275 |     76 |    884 |    276 |   5 |  470.2 |
  Orcish Mines |   1631 |   1376 |    255 |    271 |    701 |   2 |  815.5 |
   Elven Halls |   4223 |   3975 |    248 |    758 |   2019 |   3 | 1407.7 |
        Vaults |   6191 |   5224 |    967 |    565 |   3277 |   4 | 1547.8 |
         Crypt |   3997 |   3545 |    452 |    541 |   1798 |   3 | 1332.3 |
        Depths |   7214 |   6065 |   1149 |   1771 |   2594 |   4 | 1803.5 |
          Hell |      6 |      6 |      0 |      0 |      0 |   1 |    6.0 |
           Zot |   6606 |   6193 |    413 |   2162 |   2215 |   5 | 1321.2 |
        Bazaar |    331 |    331 |      0 |      0 |     17 |   1 |  331.0 |
         Trove |     48 |     48 |      0 |      0 |      0 |   1 |   48.0 |
       Volcano |    305 |    305 |      0 |     10 |    107 |   1 |  305.0 |
        Wizlab |    855 |    855 |      0 |    153 |    109 |   1 |  855.0 |
               +--------+--------+--------+--------+--------+-----+--------+

Top non-repeatable levels by time:
  Lair:1: 3381 daAuts
Depths:4: 2726 daAuts
  Lair:5: 2622 daAuts
 Snake:4: 2484 daAuts
    D:12: 2336 daAuts
     D:8: 2214 daAuts
   Zot:5: 2028 daAuts
 Crypt:3: 1950 daAuts
  Lair:4: 1812 daAuts
Vaults:2: 1758 daAuts
Vaults:3: 1687 daAuts
Depths:1: 1678 daAuts
    D:14: 1667 daAuts
   Elf:3: 1637 daAuts
Vaults:1: 1557 daAuts
